AoeStats
← IdliDosa

Black Forest

507303242Analyzed
4v4 RM · 14d ago on Sep 17, 2026· 55m 33s· 8 players
Game mode
Random Map
Map size
Large (8 player)
Population
200
Speed
Normal
Resources
Standard
Victory
Conquest
Starting age
Dark Age
Ending age
Imperial Age
RankedLock teamsTeams togetherTeam positionsShared explorationLock speedFull tech treeHidden civsTurbo modeCheats
Victory
Defeat
🇲🇽 Franks · Mexico
1297
+12
🇺🇸 Malians · United States
1182
+17
🇬🇧 Vietnamese · United Kingdom
1162
+17
🇫🇷 Persians · France
1160
+17
🇮🇳 Koreans · India
1233
-17
🇮🇳 Italians · India
1208
-16
🇹🇼 Poles · Taiwan
1194
-16
🇻🇳 Goths · Vietnam
1154
-14
IdliDosa
0:43 Loom
13:40 Feudal Age
14:36 Double-Bit Axe
16:08 Gold Mining
16:13 Horse Collar
17:12 Man-at-Arms
19:37 Fletching
25:37 Castle Age
26:16 Bodkin Arrow
36:46 Imperial Age
35:04 Bow Saw
35:02 Heavy Plow
35:33 Ballistics
34:57 Crossbowman
36:38 Gold Shaft Mining
36:57 Wheelbarrow
36:23 Town Watch
38:42 Chemistry
37:44 Bracer
38:15 Arbalester
39:01 Thumb Ring
39:32 Eupseong
41:32 Eupseong
41:53 Conscription
42:22 Elite Skirmisher
43:32 Siege Engineers
43:23 Murder Holes
43:15 Arrowslits
46:49 Hand Cart
raw0000
0:36 Loom
14:14 Feudal Age
14:49 Town Watch
19:34 Castle Age
17:38 Double-Bit Axe
18:09 Horse Collar
20:36 Bow Saw
20:29 Heavy Plow
28:44 Wheelbarrow
32:16 Hand Cart
32:07 Gold Mining
32:10 Stone Mining
32:23 Town Patrol
32:17 Fletching
32:27 Padded Archer Armor
33:00 Fortified Wall
33:15 Ballistics
34:39 Stone Shaft Mining
34:07 Bodkin Arrow
34:27 Leather Archer Armor
38:08 Imperial Age
39:19 Conscription
38:22 Elite Genoese Crossbowman
39:10 Thumb Ring
39:08 Bracer
39:38 Ring Archer Armor
40:11 Chemistry
NICKC
1:26 Loom
11:03 Feudal Age
17:42 Castle Age
17:10 Horse Collar
17:20 Double-Bit Axe
18:14 Light Cavalry
19:45 Bloodlines
20:27 Husbandry
23:03 Scale Barding Armor
24:08 Heavy Plow
25:49 Town Watch
27:54 Bow Saw
31:10 Wheelbarrow
31:58 Gold Mining
36:12 Imperial Age
34:32 Fervor
35:11 Hand Cart
35:37 Masonry
37:01 Fortified Wall
36:31 Winged Hussar
37:34 Chain Barding Armor
37:26 Forging
37:41 Caravan
37:12 Cavalier
38:07 Szlachta Privileges
38:23 Conscription
38:08 Town Patrol
38:57 Crop Rotation
38:04 Elite Obuch
39:52 Chemistry
39:15 Ballistics
39:37 Lechitic Legacy
43:59 Stone Mining
48:15 Siege Engineers
49:23 Iron Casting
48:41 Fletching
49:10 Murder Holes
nguyenhoanglan060
6:32 Loom
14:11 Feudal Age
16:42 Double-Bit Axe
19:36 Castle Age
17:21 Horse Collar
21:20 Bow Saw
25:06 Wheelbarrow
25:20 Heavy Plow
31:53 Imperial Age
29:55 Hand Cart
29:35 Gold Mining
29:36 Stone Mining
30:39 Forging
32:46 Iron Casting
32:11 Scale Mail Armor
31:37 Pikeman
32:17 Squires
32:56 Conscription
33:55 Chemistry
32:20 Halberdier
33:11 Caravan
34:56 Two-Man Saw
34:30 Crop Rotation
35:26 Anarchy
35:04 Elite Huskarl
35:46 Perfusion
37:43 Blast Furnace
36:58 Chain Mail Armor
38:52 Guilds
39:17 Masonry
41:29 Ballistics
41:40 Architecture
Des
8:31 Loom
10:47 Feudal Age
15:09 Castle Age
13:25 Double-Bit Axe
13:53 Horse Collar
16:19 Bow Saw
17:17 Forging
19:45 Wheelbarrow
25:50 Scale Mail Armor
27:55 Heavy Plow
28:24 Squires
28:10 Arson
28:49 Chain Mail Armor
29:09 Iron Casting
28:39 Pikeman
33:20 Imperial Age
31:10 Husbandry
31:20 Bloodlines
32:43 Hand Cart
33:18 Iron Casting
35:03 Chemistry
33:59 Murder Holes
34:25 Ballistics
33:47 Treadmill Crane
33:35 Halberdier
35:13 Plate Mail Armor
34:51 Scale Barding Armor
34:46 Padded Archer Armor
34:36 Fletching
36:01 Gold Mining
36:01 Stone Mining
39:08 Caravan
40:39 Chain Barding Armor
40:36 Leather Archer Armor
40:16 Bodkin Arrow
40:45 Bombard Tower
42:11 Stone Shaft Mining
44:00 Paper Money
43:45 Chatras
43:08 Elite Skirmisher
43:53 Thumb Ring
43:59 Siege Engineers
46:15 Bracer
46:45 Ring Archer Armor
45:40 Imperial Skirmisher
49:47 Elite Battle Elephant
51:12 Plate Barding Armor
BrianBoru
0:51 Loom
12:43 Feudal Age
16:47 Castle Age
23:55 Scale Mail Armor
25:42 Double-Bit Axe
27:24 Wheelbarrow
26:43 Horse Collar
30:25 Bow Saw
30:19 Heavy Plow
31:45 Fletching
32:00 Gold Mining
33:28 Hand Cart
36:00 Imperial Age
34:48 Chain Mail Armor
34:44 Forging
33:56 Man-at-Arms
35:32 Gold Shaft Mining
35:02 Long Swordsman
35:42 Squires
37:07 Iron Casting
36:54 Elite Skirmisher
37:40 Thumb Ring
37:48 Bodkin Arrow
37:54 Padded Archer Armor
38:31 Conscription
37:37 Two-Handed Swordsman
38:02 Imperial Skirmisher
40:07 Champion
42:02 Arson
43:15 Stone Mining
44:50 Leather Archer Armor
50:00 Plate Mail Armor
52:42 Ballistics
53:23 Chemistry
52:04 Treadmill Crane
agiardpro
1:25 Loom
11:01 Feudal Age
11:26 Horse Collar
11:32 Double-Bit Axe
17:58 Castle Age
18:24 Heavy Plow
18:35 Bow Saw
19:41 Stone Mining
28:52 Stone Shaft Mining
28:43 Forging
29:58 Wheelbarrow
30:30 Gold Mining
31:29 Devotion
32:13 Hand Cart
34:40 Imperial Age
33:49 Iron Casting
33:20 Scale Barding Armor
34:36 Husbandry
34:46 Bloodlines
34:21 Elite War Elephant
35:21 Conscription
36:13 Blast Furnace
36:57 Citadels
38:07 Caravan
48:32 Chain Barding Armor
Lord Yarik
1:19 Loom
15:59 Feudal Age
19:32 Castle Age
18:00 Double-Bit Axe
18:51 Town Watch
20:24 Bow Saw
25:22 Wheelbarrow
27:38 Hand Cart
32:45 Imperial Age
31:19 Scale Mail Armor
31:31 Forging
31:16 Stone Mining
32:18 Chain Mail Armor
32:34 Masonry
33:22 #83
33:02 Gold Mining
33:55 Conscription
34:16 Iron Casting
34:10 Caravan
34:03 Elite Throwing Axeman
35:38 Hoardings
36:36 Chemistry
36:45 Plate Mail Armor
37:16 Blast Furnace
38:54 Onager
47:33 Capped Ram
Connection lost

Rejoining the realm…

Still unreachable

The connection could not be restored.

Session expired

The server has moved on; the page needs a fresh start.